 Dungeon Crawl Stone Soup version 0.30-a0-883-g5ad918d77d (webtiles) character file.

Game seed: 9720548901798647229

154 Pimp the Vexing (level 5, -4/35 HPs)
             Began as a Formicid Wanderer on Mar 16, 2023.
             Splashed by a jelly's acid (9 damage)
             ... on level 4 of the Dungeon.
             The game lasted 00:05:12 (2576 turns).

Pimp the Vexing (Formicid Wanderer)                 Turns: 2576, Time: 00:05:13

Health: -4/35      AC: -7    Str: 20    XL:     5   Next: 62%
Magic:  0/18       EV: 11    Int: 14    God:
Gold:   143        SH:  5    Dex: 15    Spells: 8/9 levels left

rFire   + . .      SeeInvis +    u - +4 spear of Kerruez {flame, rF+ MP+9}
rCold   . . .      Faith    .    d - +0 buckler
rNeg    . . .      Spirit   +    m - +1 leather armour of Noon {Str+3 Dex+3}
rPois   .          Reflect  .    (helmet unavailable)
rElec   .          Rampage  .    (no cloak)
rCorr   .                        (no gloves)
Will    .....                    (no boots)
Stlth   +                        i - amulet of guardian spirit
HPRegen 0.25/turn                (no ring)
MPRegen 0.16/turn                (no ring)

@: corroded
A: permanent stasis, dig shafts and tunnels, antennae 3, four strong arms
a: Dig, Shaft Self


You were on level 4 of the Dungeon.
You visited 1 branch of the dungeon, and saw 4 of its levels.

You collected 143 gold pieces.

Inventory:

Hand Weapons
 a - a +0 club
 k - a +4 spear of freezing
 u - the +4 spear of Kerruez (weapon) {flame, rF+ MP+9}
   (You found it on level 3 of the Dungeon)

   rF:        It protects you from fire.
   MP:        It affects your magic capacity (+9).
Armour
 d - a +0 buckler (worn)
 m - the +1 leather armour of Noon (worn) {Str+3 Dex+3}
   (You found it on level 2 of the Dungeon)

   Str:       It affects your strength (+3).
   Dex:       It affects your dexterity (+3).
Magical Staves
 h - a staff of air
Jewellery
 i - an amulet of guardian spirit (around neck)
Scrolls
 b - 3 scrolls of fear
 c - 3 scrolls of identify
 f - a scroll of vulnerability {unknown}
 o - a scroll of teleportation {unknown}
 s - a scroll of silence {unknown}
 t - a scroll of brand weapon {unknown}
Potions
 e - a potion of degeneration
 g - a potion of invisibility {unknown}
 j - a potion of flight {unknown}
 n - a potion of brilliance {unknown}
 p - 2 potions of heal wounds {unknown}
 q - a potion of lignification {unknown}
 r - a potion of attraction {unknown}
 v - a potion of resistance {unknown}


   Skills:
 * Level 2.0 Polearms
 + Level 1.1 Armour
 + Level 1.2 Dodging
 + Level 4.6 Shields
 + Level 2.8 Spellcasting
 + Level 5.2 Hexes
 * Level 2.9 Earth Magic


You had 8 spell levels left.
You knew the following spells:

 Your Spells              Type           Power      Damage    Failure   Level
a - Sandblast             Erth           20%        2d7       10%         1

Your spell library contained the following spells:

 Spells                   Type           Power      Damage    Failure   Level
 Slow                     Hex            64%        N/A       3%          1
 Shock                    Conj/Air       8%         1d3       32%         1
 Stone Arrow              Conj/Erth      12%        3d7       45%         3
 Leda's Liquefaction      Hex/Erth       6%         N/A       50%         4
 Fulminant Prism          Conj/Hex       4%         3d5       71%         4
 Airstrike                Air            1%         2d(1-17)  97%         4
 Swiftness                Air            Unusable   N/A       N/A         3

Dungeon Overview and Level Annotations

Branches:
Dungeon (4/15)
 Temple: D:4-7

Altars:

Shops:
D:1 (   D:2 *


Innate Abilities, Weirdness & Mutations

You cannot be hasted, slowed, berserked, paralysed or teleported.
You can dig through walls and to a lower floor.
You have a pair of large antennae on your head. (SInv)
Your four strong arms can wield two-handed weapons with a shield.


Message History

You sense a monster nearby.
You hear a distant slurping noise.
A jelly comes into view.
Found a scroll labelled PEOKEI GOEDITA.
The jelly quivers.
A jelly is nearby!
The jelly closely misses you.
You barely miss the jelly. The jelly hits you.
You are splashed with acid.
You hit the jelly. You burn the jelly.
Your hands burn!
The jelly is lightly wounded.
The jelly hits you. The acid corrodes you!
You are splashed with acid.
You hit the jelly. You burn the jelly.
Your hands burn!
The jelly is heavily wounded.
The jelly hits you.
You are splashed with acid!
You hit the jelly. You burn the jelly.
Your hands burn!
The jelly is heavily wounded.
You block the jelly's attack.
You hit the jelly but do no damage.
Your hands burn!
* * * LOW HITPOINT WARNING * * *
The jelly is heavily wounded.
The jelly barely misses you. The jelly attacks as you move away!
The jelly barely misses you. The jelly attacks as you move away!
The jelly hits you.
* * * LOW HITPOINT WARNING * * *
The acid corrodes you!
You are splashed with acid.
* * * LOW HITPOINT WARNING * * *
You feel better. The jelly barely misses you.
Casting: Sandblast (safe; 10% risk of failure)
Confirm with . or Enter, or press ? or * to list all spells.
Aiming: Sandblast (safe; 10% risk of failure)
Press: ? - help, Shift-Dir - straight line, f - jelly
Aim: a jelly (heavily wounded, 100% to hit)
The blast of sand hits the jelly!
The jelly is almost dead.
The jelly hits you.
You are splashed with acid!
* * * LOW HITPOINT WARNING * * *
The jelly hits you.
* * * LOW HITPOINT WARNING * * *
The acid corrodes you!
You are splashed with acid!
You die...

#......#########
#.#.####
#.#........
#.######### #.#
#.# #.#
###.########
#.@.........
#J#.########
#.#.# #.#.#
#...#.# #.###.#
... ... ... ...
#....


You could see a jelly.

Vanquished Creatures
  5 adders
  4 gnolls (D:3)
  3 worms
  A dart slug (D:3)
  An orc (D:3)
  5 ball pythons
  5 endoplasms
  5 giant cockroaches
  9 goblins
  4 hobgoblins
  2 quokkas (D:3)
  4 bats (D:1)
  A frilled lizard (D:1)
  7 kobolds
  A rat (D:3)
57 creatures vanquished.

Vanquished Creatures (others)
  A plant (D:1)
1 creature vanquished.

Grand Total: 58 creatures vanquished

Notes
Turn   | Place    | Note
-------+----------+-------------------------------------------
     0 | D:1      | Pimp the Formicid Wanderer began the quest for the Orb.
     0 | D:1      | Pimp set off with the following items: a +0 club, a scroll
                  | of fear, a +0 leather armour, a +0 buckler; and the
                  | following spells available to memorise: Slow, Sandblast,
                  | Stone Arrow, Leda's Liquefaction, Fulminant Prism.
     0 | D:1      | Reached XP level 1. HP: 13/13 MP: 3/3
     2 | D:1      | Learned a level 1 spell: Sandblast
   130 | D:1      | Reached XP level 2. HP: 16/19 MP: 1/5
   309 | D:1      | Found Nalasalie's Antique Weapon Shoppe.
   467 | D:1      | Reached skill level 5 in Hexes
   567 | D:1      | Reached XP level 3. HP: 24/24 MP: 6/6
  1063 | D:2      | Found Qugig's General Store.
  1154 | D:2      | Reached skill level 1 in Polearms
  1376 | D:2      | Identified the +1 leather armour of Noon {Str+3 Dex+3}
  1507 | D:2      | Reached XP level 4. HP: 29/30 MP: 7/7
  1560 | D:2      | Reached skill level 1 in Dodging
  1977 | D:3      | Reached XP level 5. HP: 35/35 MP: 9/9
  1997 | D:3      | Reached skill level 1 in Armour
  2339 | D:3      | Identified the +4 spear of Kerruez {flame, rF+ MP+9}
  2576 | D:4      | Splashed by a jelly's acid

Illustrated notes

Levels and vault maps discovered:
D:1:      saegor_arrival_under_anarchy, layout_loops_ring, serial_shops,
          nicolae_shop_statue_plus, serial_bayou_lagoon_b
D:2:      layout_basic, serial_shops, shop
D:3:      layout_rooms
D:4:      layout_basic, grunt_ashenzari_visionary
          [grunt_ashenzari_visionary_swamp, grunt_ashenzari_visionary_snake],
          serial_shops, nicolae_square_shop, hangedman_minor_gate_pass,
          uniq_ijyb

Skill      XL: |  1  2  3  4  5 |
---------------+----------------+-----
Hexes          | 5 |  5.2
Polearms       | 1 2 |  2.0
Earth Magic    | 2 |  2.9
Dodging        | 1 |  1.2
Armour         | 1 |  1.1
Shields        | |  4.6
Spellcasting   | |  2.8

Action                     |  1- 3 |  4- 6 || total
---------------------------+-------+-------++-------
  Melee: Club              |     7 |       ||     7
         Staff             |     2 |       ||     2
         Spear             |    47 |    75 ||   122
   Cast: Sandblast         |     3 |     5 ||     8
    Use: Scroll            |     6 |       ||     6
         Potion            |       |     2 ||     2
   Stab: Sleeping          |     2 |       ||     2
 Armour: Leather armour    |    13 |    13 ||    26
  Dodge: Dodged            |    28 |    32 ||    60
  Block: Buckler           |    15 |    17 ||    32

Table legend: (Time is in decaauts)
 A = Elapsed time spent in this place.
 B = Non-inter-level travel time spent in this place.
 C = Inter-level travel time spent in this place.
 D = Time resting spent in this place.
 E = Time spent auto-exploring this place.
 F = Levels seen in this place.
 G = Mean time per level.
                   A        B        C        D        E       F      G
               +--------+--------+--------+--------+--------+-----+--------+
         Total |   2604 |   2514 |     90 |    266 |   1721 |   4 |  651.0 |
       Dungeon |   2604 |   2514 |     90 |    266 |   1721 |   4 |  651.0 |
               +--------+--------+--------+--------+--------+-----+--------+

Top non-repeatable levels by time:
     D:1: 1030 daAuts
     D:2: 765 daAuts
     D:3: 699 daAuts
     D:4: 110 daAuts
